 Dungeon Crawl Stone Soup version 0.18-a0-29-gce27f3c (webtiles) character file.

73 Duffy the Slasher (level 4, 35/35 HPs)
             Began as a Formicid Berserker on Nov 4, 2015.
             Was a Believer of Trog.
             Quit the game on level 2 of the Dungeon.
             The game lasted 00:01:28 (1480 turns).

Duffy the Slasher (Formicid Berserker)              Turns: 1480, Time: 00:01:28

Health: 35/35      AC:  4    Str: 19    XL:     4   Next: 51%
Magic:  4/4        EV: 11    Int:  6    God:    Trog [**....]
Gold:   95         SH:  0    Dex: 11    Spells: 0 memorised, 3 levels left

rFire  . . .     SeeInvis +     a - +0 falchion
rCold  . . .     Clarity  .     d - +0 leather armour
rNeg   . . .     SustAt   .     (no shield)
rPois  .         Gourm    .     (helmet unavailable)
rElec  .         Spirit   .     (no cloak)
rCorr  .         Warding  .     k - +0 pair of gloves
rMut   .         Stasis   +     (no boots)
MR     .....                    (no amulet)
Stlth  +.........               (no ring)
                                m - -3 ring of strength (curse)

@: not resistant to hostile enchantments, very unstealthy
A: permanent stasis, dig shafts and tunnels, four strong arms, antennae 3
a: Dig, Shaft Self, Trog's Hand, Burn Spellbooks, Renounce Religion


You were on level 2 of the Dungeon.
You worshipped Trog.
Trog was pleased with you.
You were very hungry.

You visited 1 branch of the dungeon, and saw 2 of its levels.

You collected 95 gold pieces.


Innate Abilities, Weirdness & Mutations

You are under a permanent stasis effect.
You can dig through walls and to a lower floor.
Your four strong arms can wield two-handed weapons with a shield.
You have a pair of large antennae on your head (SInv).


   Skills:
 - Level 3.2 Fighting
 + Level 5.0 Long Blades
 - Level 2.1 Armour
 - Level 1.7 Dodging


You had 3 spell levels left.
You didn't know any spells.

Inventory:

Hand Weapons
 a - a +0 falchion (weapon)
Armour
 b - a +0 animal skin
 d - a +0 leather armour (worn)
 k - a +0 pair of gloves (worn)
Jewellery
 m - a cursed -3 ring of strength (left hand)
Wands
 n - a wand of slowing (21)
Scrolls
 e - a scroll of enchant weapon {unknown}
 f - a scroll of recharging {unknown}
 h - a scroll of amnesia {unknown}
 j - a scroll of fear {unknown}
 l - a scroll of identify {unknown}
 o - a scroll of remove curse {unknown}
Potions
 g - 4 potions of agility {unknown}
 i - 2 potions of might {unknown}
Comestibles
 c - 2 bread rations

Dungeon Overview and Level Annotations

Branches:
Dungeon (2/15)

Altars:


Message History

No target in view!
No target in view!
No target in view!
No target in view!
No target in view!
No target in view!
No target in view!
o - a scroll labeled DUTARE ES ILYSK
There is a stone staircase leading down here.
c - 2 bread rations (gained 1)
You now have 95 gold pieces (gained 14).
You are feeling very hungry.
A kobold comes into view. It is wielding a short sword.
The kobold shouts!
No target in view!
No target in view!
No target in view!
No target in view!
No target in view!
No target in view!
No target in view!
No target in view!
No target in view!
No target in view!
No target in view!
No target in view!
No target in view!
No target in view!
No target in view!
No target in view!
No target in view!
You hit the kobold.
You kill the kobold!
Trog accepts your kill.
Are you sure you want to abandon this character and quit the game? (Confirm with "yes".)

#.......##..................#
############.####...........#
#.#.#.##.#........# #####
#.#....#.#........##### ##...##
#.#....#............... ##.....##
#.#....#............## #.......#
#.#..................#
#.......###[#.#.........))...#...
#...........<...@).......<...#
##..............##..........##
#.......#.#...#..####......##
#.......#.##..##..# ###.#...#
#.......#.##..###.###...#...#
##.....##.##..# #.......#...#
##...###.###.####...##......
#######.# #..##..### ##...# ##..#
#.....##


There were no monsters in sight!

Action                   |  1- 3 |  4- 6 || total
-------------------------+-------+-------++-------
Melee: Falchion          |    97 |    11 ||   108
 Abil: Dig               |     3 |       ||     3
  Eat: Chunk             |       |     1 ||     1

Notes
Turn   | Place    | Note
--------------------------------------------------------------
     0 | D:1      | Duffy the Formicid Berserker began the quest for the Orb.
     0 | D:1      | Reached XP level 1. HP: 18/18 MP: 1/1
   242 | D:1      | Reached XP level 2. HP: 21/24 MP: 2/2
   266 | D:1      | Reached skill level 4 in Long Blades
   266 | D:1      | Reached XP level 3. HP: 4/29 MP: 3/3
   874 | D:1      | Reached ** piety under Trog
  1255 | D:2      | Noticed Jessica
  1258 | D:2      | Killed Jessica
  1258 | D:2      | Reached XP level 4. HP: 20/35 MP: 4/4
  1437 | D:2      | Reached skill level 5 in Long Blades
  1480 | D:2      | Quit the game

Vault maps used:
D:1:      onia_arrival_pyramid, grunt_decor_fettered
D:2:      lemuel_crystal_altar, uniq_natasha, uniq_jessica

Vanquished Creatures
  Jessica
  An adder
  A giant gecko
  6 bats
  6 goblins
  7 hobgoblins
  4 jackals
  3 giant cockroaches
  2 giant newts
  2 kobolds
  2 rats
35 creatures vanquished.
